 Dungeon Crawl Stone Soup version 0.25.0-3-gd7cc5688da (webtiles) character file.

Game seed: 17767149621660332302

51279 Ge0ff the Brawler (level 14, -7/111 HPs)
             Began as a Ghoul Skald on June 15, 2020.
             Was a High Priest of Hepliaklqana.
             Mangled by a chaos spawn (8 damage)
             ... summoned by an orc high priest
             ... on level 2 of the Orcish Mines.
             The game lasted 01:13:56 (20456 turns).

Ge0ff the Brawler (Ghoul Skald)                    Turns: 20456, Time: 01:13:57

Health: -7/111     AC: 18    Str: 19    XL:     14   Next: 58%
Magic:  17/20      EV:  8    Int:  8    God:    Hepliaklqana [*****.]
Gold:   1191       SH:  4    Dex:  9    Spells: 15/16 levels left

rFire    . . .     SeeInvis +     - Unarmed
rCold    + . .     Gourm    .   d - +0 buckler
rNeg     + + +     Faith    .   n - +1 plate armour {MR+}
rPois    ∞         Spirit   .   K - +0 helmet {SInv}
rElec    .         Reflect  .   i - scarf {+Inv}
rCorr    .         Harm     .   (no gloves)
MR       ++...                  U - +1 pair of boots
Stlth    ..........             (no amulet)
HPRegen  0.00/turn              (no ring)
MPRegen  0.17/turn              (no ring)

@: very slightly contaminated, rotting, invisible
A: rotting body, reduced essence, claws 1, carnivore, cold resistance 1,
negative energy resistance 3, inhibited regeneration, torment resistance,
unbreathing
a: Recall Ancestor, Ancestor Identity, Transference, Idealise, Renounce Religion


You were on level 2 of the Orcish Mines.
You worshipped Hepliaklqana.
Hepliaklqana was extremely pleased with you.
You were not hungry.

You visited 4 branches of the dungeon, and saw 20 of its levels.
You also visited: Ossuary.

You collected 2145 gold pieces.
You spent 954 gold pieces at shops.

Inventory:

Hand Weapons
 b - the +8 whip "Snakebite" {curare, rPois, =f}
   (You found it on level 3 of the Lair of Beasts)

   It poisons the flesh of those it strikes.
   It protects you from poison.
Missiles
 u - 7 javelins
 y - 18 boomerangs
 z - 66 poisoned darts (quivered)
Armour
 d - a +0 buckler (worn)
 i - a scarf of invisibility (worn)
 n - a +1 plate armour of magic resistance (worn)
 B - a scarf of resistance
 K - a +0 helmet of see invisible (worn)
 U - a +1 pair of boots (worn)
Wands
 f - a wand of flame (25)
 p - a wand of paralysis (2)
 P - a wand of polymorph (15)
Potions
 R - 4 potions of resistance
Comestibles
 r - 28 rations


   Skills:
 + Level 11.5 Fighting
 - Level 2.0 Throwing
 + Level 8.2 Armour
 - Level 5.0 Dodging
 - Level 3.0 Stealth
 - Level 4.0 Shields
 * Level 15.6 Unarmed Combat
 - Level 1.7 Spellcasting
 - Level 2.6 Charms
 - Level 7.0 Invocations
 * Level 10.5 Evocations


You had 15 spell levels left.
You knew the following spells:

 Your Spells              Type           Power        Failure   Level  Hunger
s - Infusion              Chrm           #...         95%         1    ##.....

Your spell library contained the following spells:

 Spells                   Type           Power        Failure   Level  Hunger
 Song of Slaying          Chrm           #.......     99%         2    ###....
 Animate Skeleton         Necr           N/A          100%        1    ##.....
 Magic Dart               Conj           #...         100%        1    ##.....
 Pain                     Necr           #...         100%        1    ##.....
 Shock                    Conj/Air       #...         100%        1    ##.....
 Searing Ray              Conj           #.....       100%        2    ###....
 Shroud of Golubria       Chrm/Tloc      #.....       100%        2    ###....
 Swiftness                Chrm/Air       #.......     100%        2    ###....
 Dazzling Flash           Conj/Hex       #.....       100%        3    ####...
 Ozocubu's Armour         Chrm/Ice       #.......     100%        3    ####...
 Spectral Weapon          Hex/Chrm       #.......     100%        3    ####...
 Static Discharge         Conj/Air       #.......     100%        3    ####...
 Vampiric Draining        Necr           #.........   100%        3    ####...
 Airstrike                Air            #.........   100%        4    #####..
 Animate Dead             Necr           N/A          100%        4    #####..
 Fulminant Prism          Conj/Hex       #.........   100%        4    #####..
 Iskenderun's Mystic Bla  Conj/Tloc      #.......     100%        4    #####..
 Agony                    Necr           #.......     100%        5    ######.
 Lightning Bolt           Conj/Air       #.........   100%        5    ######.


Dungeon Overview and Level Annotations

Branches:
Dungeon (11/15)            Temple (1/1) D:5            Lair (6/6) D:9
 Shoals (0/4) Lair:3       Spider (0/4) Lair:2        Slime (0/5) Lair:5
    Orc (2/2) D:10            Elf (0/3) Orc:2       Ossuary (visited)

Altars:
Ashenzari
Cheibriados
Dithmenos
Elyvilon
Fedhas
Gozag
Hepliaklqana
Kikubaaqudgha
Makhleb
Qazlal
Ru
Sif Muna
Trog
Uskayaw
Vehumet
Wu Jian
Xom
Yredelemnul
Zin
The Shining One
Jiyva

Shops:
D:5 ([*[:

Portals:
Abyss: Lair:3

Annotations:
Lair:1 stash
Lair:3 2 transporters, Luuwnalu's ghost, journeyman KoHu
Lair:5 exclusion: oklob plant
Lair:6 2 runed translucent doors (f.dragon)
Orc:1 3 runed translucent doors, Jedghaqao's ghost, journeyman GnWn


Innate Abilities, Weirdness & Mutations

Your body is rotting away.
You thrive on raw meat.
You are immune to poison.
You have sharp fingernails.
You are carnivorous and can eat meat at any time.
Your flesh is cold resistant. (rC+)
You are immune to negative energy. (rN+++)
You do not regenerate when monsters are visible.
You are immune to unholy pain and torment.
You can survive without breathing.
Your life essence is reduced to manifest your ancestor. (-10% HP)


Message History

* * * LOW HITPOINT WARNING * * *
The sixfirhy barely misses you.
You miss the orc high priest.
The orc high priest is almost dead.
The orc high priest hits you with a +0 morningstar!
* * * LOW HITPOINT WARNING * * *
The soul eater barely misses you.
You aren't carrying any scrolls.
Unknown command.
Eat a chunk of flesh? (ye/n/q)
You eat the chunk of flesh.
The orc high priest barely misses you.
The soul eater hits you but does no damage.
The orc high priest hits you with a +0 morningstar.
* * * LOW HITPOINT WARNING * * *
The orc high priest suddenly grunts, as Orcs often do.
The orc high priest utters an invocation to Beogh.
The chaos spawn hits you!
* * * LOW HITPOINT WARNING * * *
You are engulfed in flames!
You die...

.........# #.#........### #.....
........######...........####....
.........##......))......#.......
.................................
.)............)[#................
.[..#.##.......#####...........##
<).#####.........# #...........##
..###............# #...........##
..####.........4@###...........#.
...............3)#...........^.#.
.........#####.o3o......#........
.........# #..........##.##....
.........# #.........######....
#........# #..#......# #.##..
#.......## ##.#.....## ## ...
###....## ####...## ##.. #..###
..### #..


You could see a soul eater (summoned), 2 orc high priests, a sixfirhy (summoned)
and a chaos spawn (summoned).

Vanquished Creatures
  4 two-headed ogres
  An orc high priest (Orc:2)
  An unseen horror (D:11)
  Pikel (D:5)
  3 orc knights
  A lindwurm (Lair:6)
  An orc sorcerer (Orc:2)
  2 cyclopes (Orc:1)
  A manticore (D:11)
  4 black mambas
  2 merfolk sirens (Lair:3)
  8 spiny frogs
  2 molten gargoyles (Lair:6)
  Maggie (D:8)
  3 komodo dragons
  A rime drake (Lair:5)
  A polar bear (Lair:5)
  A hornet (D:10)
  A merfolk (Lair:3)
  Prince Ribbit (D:9)
  Grinder (D:4)
  3 blink frogs
  5 hippogriffs
  A shadow (D:11)
  Sigmund (D:6)
  5 wyverns
  31 yaks
  4 basilisks
  A steam dragon (Lair:6)
  A hungry ghost (D:11)
  A warg (Orc:1)
  Edmund (D:4)
  9 water moccasins
  2 hell hounds (Lair:6)
  3 porcupines
  Duvessa (D:6)
  3 ice beasts
  A sky beast (D:7)
  8 orc warriors
  A black bear (D:8)
  A necrophage (D:8)
  7 ogres
  6 wolves
  4 centaurs
  6 crocodiles
  A big kobold (D:9)
  6 bullfrogs
  Dowan (D:6)
  3 water moccasin zombies (Ossuary)
  2 scorpions
  3 wights (D:9)
  A howler monkey (D:9)
  A bullfrog zombie (D:10)
  6 crimson imps
  3 centaur zombies
  A lava snake (Lair:6)
  11 orc priests
  2 centaur skeletons
  4 hounds
  Crazy Yiuf (D:6)
  4 jellies
  5 orc wizards
  2 iguanas (D:5)
  3 worker ants
  3 big kobold zombies (Ossuary)
  2 hound zombies
  2 hound skeletons
  A worker ant zombie (D:5)
  A mummy (Ossuary)
  Robin (D:2)
  4 gnolls
  13 adders
  A shadow imp (D:10)
  An ooze (D:2)
  An adder zombie (Ossuary)
  4 worms
  2 dart slugs
  4 leopard geckos
  43 orcs
  2 ball pythons
  3 giant cockroaches
  17 goblins
  8 hobgoblins
  2 jackals (D:5)
  2 quokkas
  6 bats
  8 frilled lizards
  4 gnoll zombies (Ossuary)
  3 hobgoblin zombies (Ossuary)
  12 kobolds
  6 kobold zombies (Ossuary)
  4 orc zombies (Ossuary)
  A quokka skeleton (D:9)
  8 rats
376 creatures vanquished.

Vanquished Creatures (collateral kills)
  A hydra (Lair:3)
  A two-headed ogre (D:10)
  Urug (Lair:4)
  An ugly thing (D:11)
  An orc sorcerer (Orc:2)
  A merfolk siren (Lair:3)
  7 black mambas
  3 komodo dragons (Lair:6)
  6 spiny frogs
  4 rime drakes
  A polar bear (Lair:5)
  2 hippogriffs
  A dream sheep (Lair:6)
  8 blink frogs
  A redback (Lair:2)
  3 wyverns
  27 yaks
  A wraith (D:10)
  A fire bat (D:5)
  2 steam dragons (Lair:6)
  4 basilisks
  A soldier ant (D:11)
  An acid dragon (D:9)
  5 water moccasins
  3 hell hounds (Lair:6)
  2 porcupines
  2 ice beasts
  10 orc warriors
  A sky beast (D:10)
  2 ogres
  A phantom (D:7)
  5 crocodiles
  5 wolves
  4 bullfrogs
  A water moccasin zombie (D:10)
  A wyvern skeleton (D:11)
  A scorpion (D:7)
  A wight (D:9)
  3 howler monkeys
  A lava snake (Lair:6)
  A crimson imp (D:11)
  A bullfrog zombie (D:9)
  A quasit (D:8)
  3 hounds
  5 orc priests
  A gnoll shaman (Orc:1)
  10 orc wizards
  3 worker ants
  A killer bee zombie (D:5)
  A mummy (Ossuary)
  A gnoll (Orc:1)
  2 adders
  2 shadow imps
  4 adder zombies
  20 orcs
  A giant cockroach (D:6)
  A ball python (D:5)
  A kobold zombie (Ossuary)
  2 orc zombies (Ossuary)
188 creatures vanquished.

Vanquished Creatures (others)
  An orc warrior (Orc:1)
  A sky beast (D:9)
  12 battlemagi
  8 ancestors
  An orc (Orc:1)
  6 fungi
  3 plants
32 creatures vanquished.

Grand Total: 596 creatures vanquished

Notes
Turn   | Place    | Note
-------+----------+-------------------------------------------
     0 | D:1      | Ge0ff the Ghoul Skald began the quest for the Orb.
     0 | D:1      | Reached XP level 1. HP: 17/17 MP: 2/2
   190 | D:1      | Reached skill level 1 in Stealth
   191 | D:1      | Reached XP level 2. HP: 24/24 MP: 3/3
   370 | D:1      | Reached skill level 1 in Armour
   422 | D:1      | Reached XP level 3. HP: 29/29 MP: 4/4
   596 | D:2      | Reached skill level 3 in Unarmed Combat
  1017 | D:2      | Reached XP level 4. HP: 37/37 MP: 5/5
  1262 | D:2      | Noticed Robin
  1288 | D:2      | Killed Robin
  1527 | D:3      | Reached skill level 1 in Throwing
  1605 | D:3      | Reached skill level 4 in Unarmed Combat
  1605 | D:3      | Reached XP level 5. HP: 19/42 MP: 6/6
  1773 | D:3      | Found a burning altar of Makhleb.
  1835 | D:3      | Noticed an ogre
  2235 | D:2      | Killed an ogre
  2235 | D:2      | Reached skill level 1 in Evocations
  2235 | D:2      | Reached XP level 6. HP: 50/50 MP: 7/7
  2373 | D:4      | Reached skill level 5 in Unarmed Combat
  2429 | D:4      | Found a glowing silver altar of Zin.
  2429 | D:4      | Found an opulent altar of Gozag.
  2482 | D:4      | Noticed Grinder
  2687 | D:4      | Noticed Edmund
  2707 | D:4      | Killed Edmund
  2707 | D:4      | Reached XP level 7. HP: 36/58 MP: 8/8
  3027 | D:4      | Killed Grinder
  3027 | D:4      | Reached skill level 6 in Unarmed Combat
  3211 | D:5      | Entered Level 5 of the Dungeon
  3284 | D:5      | Found Nass's Assorted Antiques.
  3310 | D:5      | Found Gaxeot's Antique Armour Emporium.
  3332 | D:5      | Found a basalt altar of Yredelemnul.
  3354 | D:5      | Bought a pair of runed boots for 195 gold pieces
  3398 | D:5      | Found Widaynt's Antique Weapon Shoppe.
  3411 | D:5      | Found a staircase to the Ecumenical Temple.
  3417 | D:5      | Reached XP level 8. HP: 64/67 MP: 9/9
  3433 | Temple   | Entered the Ecumenical Temple
  3595 | Temple   | Became a worshipper of Hepliaklqana the Forgotten
  3680 | D:5      | Noticed Pikel
  3740 | D:5      | Killed Pikel
  3740 | D:5      | Reached skill level 5 in Fighting
  3740 | D:5      | Reached skill level 7 in Unarmed Combat
  3834 | D:5      | Found Qibli's Armour Boutique.
  4109 | D:5      | Found a bloodstained altar of Trog.
  4112 | D:5      | Found a white marble altar of Elyvilon.
  4112 | D:5      | Found a blossoming altar of Fedhas.
  4123 | D:5      | Found a shadowy altar of Dithmenos.
  4127 | D:5      | Found a shimmering altar of Xom.
  4184 | D:5      | Found a transporter.
  4254 | D:5      | Found a transporter.
  4257 | D:5      | Found Weimn's Book Shop.
  4400 | D:6      | Reached skill level 8 in Unarmed Combat
  4485 | D:6      | Reached XP level 9. HP: 57/67 MP: 9/11
  4510 | D:6      | Found a sand-covered staircase.
  4557 | Ossuary  | Entered an ossuary
  5033 | D:6      | Reached skill level 1 in Invocations
  5050 | D:6      | Noticed Sigmund
  5062 | D:6      | Killed Sigmund
  5112 | D:6      | Noticed Dowan
  5210 | D:6      | Found a shattered altar of Ashenzari.
  5239 | D:6      | Noticed Duvessa
  5249 | D:6      | Killed Duvessa
  5249 | D:6      | Reached skill level 9 in Unarmed Combat
  5265 | D:6      | Killed Dowan
  5554 | D:6      | Found a runed translucent door.
  5555 | D:6      | Noticed Crazy Yiuf
  5587 | D:6      | Killed Crazy Yiuf
  5652 | D:6      | Reached * piety under Hepliaklqana
  6587 | D:8      | Noticed Maggie
  6598 | D:8      | Killed Maggie
  6598 | D:8      | Reached skill level 5 in Evocations
  6598 | D:8      | Reached XP level 10. HP: 75/75 MP: 9/12
  6711 | D:8      | Reached skill level 10 in Unarmed Combat
  6796 | D:8      | Noticed a two-headed ogre
  6892 | D:8      | Killed a two-headed ogre
  7051 | D:8      | Found a radiant altar of Vehumet.
  7241 | D:8      | Noticed a two-headed ogre
  7280 | D:8      | Killed a two-headed ogre
  7280 | D:8      | Reached skill level 11 in Unarmed Combat
  7644 | D:8      | Noticed a two-headed ogre
  7909 | D:8      | Reached skill level 5 in Invocations
  8140 | D:5      | Bought a +1 plate armour of magic resistance for 420 gold
                  | pieces
  8219 | D:9      | Found an ornate altar of the Wu Jian Council.
  8625 | D:9      | Reached ** piety under Hepliaklqana
  8627 | D:9      | Remembered your ancestor Ghandalf as a battlemage
  8799 | D:9      | Reached XP level 11. HP: 84/84 MP: 14/14
  8893 | D:9      | Noticed Prince Ribbit
  9069 | D:10     | Entered Level 10 of the Dungeon
  9114 | D:9      | Killed Prince Ribbit
  9263 | D:10     | Killed a two-headed ogre
  9263 | D:10     | Reached skill level 12 in Unarmed Combat
  9482 | D:10     | Found a staircase to the Orcish Mines.
  9608 | D:10     | Reached skill level 5 in Armour
  9942 | D:5      | Bought a scarf of invisibility for 144 gold pieces
 10281 | D:11     | Noticed a two-headed ogre
 10365 | D:11     | Noticed a manticore
 10376 | D:11     | Killed a manticore
 10601 | D:11     | Killed an unseen horror
 10610 | D:11     | Noticed a brown ugly thing
 10620 | D:11     | Killed a brown ugly thing
 10743 | D:11     | Found a bloodstained altar of Trog.
 10810 | D:11     | Reached *** piety under Hepliaklqana
 10876 | D:11     | Killed a two-headed ogre
 10876 | D:11     | Reached XP level 12. HP: 93/93 MP: 13/16
 11645 | D:9      | Reached skill level 1 in Shields
 11711 | D:9      | Found a staircase to the Lair.
 11716 | Lair:1   | Entered Level 1 of the Lair of Beasts
 11722 | Lair:1   | Reached skill level 5 in Dodging
 11828 | Lair:1   | Reached skill level 13 in Unarmed Combat
 12739 | Lair:2   | Reached skill level 10 in Fighting
 12808 | Lair:2   | Found a hole to the Spider Nest.
 12963 | Lair:2   | Reached XP level 13. HP: 101/101 MP: 17/17
 13655 | Lair:3   | Reached **** piety under Hepliaklqana
 13662 | Lair:3   | Identified the +12 trident of Itif Wing {distort, rN+ MR+
                  | Str-4}
 13664 | Lair:3   | Found a transporter.
 13699 | Lair:3   | Found a one-way gate to the infinite horrors of the Abyss.
 13699 | Lair:3   | Noticed Luuwnalu's ghost (journeyman KoHu)
 13974 | Lair:3   | Reached skill level 14 in Unarmed Combat
 13975 | Lair:3   | Found a staircase to the Shoals.
 14071 | Lair:3   | Found a transporter.
 14397 | Lair:3   | Found the +8 whip "Snakebite" {curare, rPois}
 14702 | Lair:4   | Reached ***** piety under Hepliaklqana
 15462 | Lair:5   | Found a viscous altar of Jiyva.
 15465 | Lair:5   | Found a staircase to the Slime Pits.
 16547 | Lair:6   | Entered Level 6 of the Lair of Beasts
 16547 | Lair:6   | Noticed Nessos
 16548 | Lair:6   | Noticed Nessos
 16548 | Lair:6   | Nessos changed into Nessos the dream sheep
 16555 | Lair:6   | Killed Nessos the dream sheep
 16886 | Lair:4   | Noticed Urug
 16910 | Lair:4   | Killed Urug
 16910 | Lair:4   | Reached XP level 14. HP: 78/111 MP: 20/20
 17207 | D:5      | Bought a runed helmet for 195 gold pieces
 17635 | Lair:6   | Reached skill level 15 in Unarmed Combat
 18300 | Lair:6   | Reached skill level 10 in Evocations
 18323 | Lair:6   | Found a large runed translucent door.
 18323 | Lair:6   | Found a large runed translucent door.
 18848 | Orc:1    | Entered Level 1 of the Orcish Mines
 19056 | Orc:1    | Found a runed translucent gate.
 19057 | Orc:1    | Found a runed translucent gate.
 19058 | Orc:1    | Found a runed translucent gate.
 19059 | Orc:1    | Noticed Jedghaqao's ghost (journeyman GnWn)
 19227 | Orc:2    | Entered Level 2 of the Orcish Mines
 19629 | Orc:2    | Found a staircase to the Elven Halls.
 20454 | Orc:2    | HP: 2/111 [orc high priest/+0 morningstar (17)]
 20456 | Orc:2    | Mangled by a chaos spawn

Illustrated notes

Levels and vault maps discovered:
D:1:      dpeg_arrival_arbitrary_c, layout_rooms
D:2:      layout_loops_ring, kennysheep_nondescript, uniq_robin
D:3:      layout_basic, makhleb_grotto_becter
D:4:      layout_basic, grunt_temple_overflow_gold_and_silver, first_ration,
          grunt_decor_one_mirror, uniq_edmund, uniq_grinder
D:5:      gammafunk_cloud_chamber, layout_loops_ring,
          minmay_overflow_temple_star_hex, lemuel_round_altar,
          minmay_temple_entry_statues_pillars, serial_shops, shop, shop,
          nicolae_shop_temple_entry_statues_fountains, shop, shop_coins,
          minmay_misc_feat_roman, uniq_pikel
D:6:      layout_loops_ring, ashenzari_altar_1, enter_ossuary_1,
          kennysheep_generic_room_3, uniq_crazy_yiuf_cottage, uniq_duvessa,
          uniq_sigmund
D:7:      layout_basic
D:8:      layout_loops_ring, nicolae_overflow_crystal_walls,
          kennysheep_generic_room_14, uniq_maggie
D:9:      layout_loops_ring, overflow_temple_1_default, erik_lair_dragon,
          uniq_prince_ribbit1
D:10:     layout_long_grid, david_orc_4
D:11:     layout_cave_pools, serial_park, serial_park_central
          [serial_park_minivault_5x5_4, serial_park_minivault_5x5_4],
          serial_park_tiny_2
Temple:   dpeg_chambers_temple
Lair:1:   layout_roguey
Lair:2:   layout_cave_pods, spider_nest_entry_rubble, minivault_11,
          lemuel_fruit_fields, serial_bayou_shore_b
Lair:3:   minmay_guarded_unrand_snakebite, layout_long_grid,
          elwin_shoals_entry_stream, gammafunk_ghost_abyssal_escape
Lair:4:   layout_hall_layers, uniq_urug
Lair:5:   layout_concentric_octagons, slime_altar_1, minmay_lair_oklob_chamber,
          grunt_megastairs_1, serial_bayou_shore_a
Lair:6:   cheibrodos_lair_end_hotspot, layout_gridlike, serial_bayou_shore_b,
          uniq_nessos
Orc:1:    layout_caves, gammafunk_ghost_necromancy
Orc:2:    st_orc_elflike, layout_diamond_mine

Skill      XL: |  1  2  3  4  5  6  7  8  9 10 11 12 13 14 |
---------------+-------------------------------------------+-----
Stealth        | 1 2 3 |  3.0
Armour         | 1 2 3 4 5 6 7 8 |  8.2
Unarmed Combat | 3 4 5 6 8 9 11 12 13 14 15 | 15.6
Throwing       | 1 2 |  2.0
Fighting       | 3 4 5 6 8 9 10 11 | 11.5
Evocations     | 1 2 4 5 7 9 10 | 10.5
Dodging        | 2 3 4 5 |  5.0
Invocations    | 3 5 6 7 |  7.0
Shields        | 3 4 |  4.0
Spellcasting   | |  1.7
Charms         | |  2.6

Action                   |  1- 3 |  4- 6 |  7- 9 | 10-12 | 13-15 || total
-------------------------+-------+-------+-------+-------+-------++-------
Melee: Unarmed           |   110 |   234 |   340 |   513 |   528 ||  1725
       Punch             |       |     1 |     6 |     4 |       ||    11
Throw: Dart              |     6 |    19 |    51 |    94 |    70 ||   240
       Stone             |       |     1 |       |       |       ||     1
       Boomerang         |       |       |       |       |     2 ||     2
Invok: Ancestor Identity |       |       |     1 |       |       ||     1
       Recall Ancestor   |       |       |     3 |     2 |     2 ||     7
       Ancestor Life: Ba |       |       |       |     1 |       ||     1
       Idealise          |       |       |       |       |     2 ||     2
 Abil: Evoke Invisibilit |       |       |       |     3 |    10 ||    13
Evoke: Wand              |       |       |     6 |     2 |     5 ||    13
 Stab: Sleeping          |     1 |       |       |       |       ||     1
       Distracted        |       |       |       |    11 |     6 ||    17
       Invisible         |       |       |       |     8 |    12 ||    20
       Paralysed         |       |       |       |       |     1 ||     1
  Eat: Chunk             |    13 |    32 |    40 |    75 |   101 ||   261
Armor: Leather armour    |    23 |    32 |       |       |       ||    55
       Ring mail         |       |    12 |       |       |       ||    12
       Scale mail        |       |    24 |       |       |       ||    24
       Chain mail        |       |       |   154 |    29 |       ||   183
       Plate armour      |       |       |       |   180 |   196 ||   376
Dodge: Dodged            |    65 |    91 |    77 |   122 |   131 ||   486
Block: Buckler           |       |       |       |    18 |    70 ||    88

Levels and vault maps discovered:
D:1:      dpeg_arrival_arbitrary_c, layout_rooms
D:2:      layout_loops_ring, kennysheep_nondescript, uniq_robin
D:3:      layout_basic, makhleb_grotto_becter
D:4:      layout_basic, grunt_temple_overflow_gold_and_silver, first_ration,
          grunt_decor_one_mirror, uniq_edmund, uniq_grinder
D:5:      gammafunk_cloud_chamber, layout_loops_ring,
          minmay_overflow_temple_star_hex, lemuel_round_altar,
          minmay_temple_entry_statues_pillars, serial_shops, shop, shop,
          nicolae_shop_temple_entry_statues_fountains, shop, shop_coins,
          minmay_misc_feat_roman, uniq_pikel
D:6:      layout_loops_ring, ashenzari_altar_1, enter_ossuary_1,
          kennysheep_generic_room_3, uniq_crazy_yiuf_cottage, uniq_duvessa,
          uniq_sigmund
D:7:      layout_basic
D:8:      layout_loops_ring, nicolae_overflow_crystal_walls,
          kennysheep_generic_room_14, uniq_maggie
D:9:      layout_loops_ring, overflow_temple_1_default, erik_lair_dragon,
          uniq_prince_ribbit1
D:10:     layout_long_grid, david_orc_4
D:11:     layout_cave_pools, serial_park, serial_park_central
          [serial_park_minivault_5x5_4, serial_park_minivault_5x5_4],
          serial_park_tiny_2
Temple:   dpeg_chambers_temple
Lair:1:   layout_roguey
Lair:2:   layout_cave_pods, spider_nest_entry_rubble, minivault_11,
          lemuel_fruit_fields, serial_bayou_shore_b
Lair:3:   minmay_guarded_unrand_snakebite, layout_long_grid,
          elwin_shoals_entry_stream, gammafunk_ghost_abyssal_escape
Lair:4:   layout_hall_layers, uniq_urug
Lair:5:   layout_concentric_octagons, slime_altar_1, minmay_lair_oklob_chamber,
          grunt_megastairs_1, serial_bayou_shore_a
Lair:6:   cheibrodos_lair_end_hotspot, layout_gridlike, serial_bayou_shore_b,
          uniq_nessos
Orc:1:    layout_caves, gammafunk_ghost_necromancy
Orc:2:    st_orc_elflike, layout_diamond_mine
